AoeStats
← Joey_did_it

Glade

510372075Analyzed
1v1 RM · 1d ago on Sep 30, 2026· 34m 27s· 2 players
Game mode
Random Map
Map size
Tiny (2 player)
Population
200
Speed
Normal
Resources
Standard
Victory
Conquest
Starting age
Dark Age
Ending age
Imperial Age
RankedLock teamsTeams togetherTeam positionsShared explorationLock speedFull tech treeHidden civsTurbo modeCheats
Victory
Defeat
🇦🇷 Koreans · Argentina
452
+15
🇺🇸 Magyars · United States
429
-15
Joey_did_it
11:50 Feudal Age
14:17 Wheelbarrow
15:03 Horse Collar
15:21 Man-at-Arms
21:32 Castle Age
Criskery
6:04 Loom
10:26 Feudal Age
10:54 Double-Bit Axe
12:13 Horse Collar
12:55 Man-at-Arms
19:57 Arson
26:38 Castle Age
25:10 Forging
24:51 Fletching
27:52 Crossbowman
29:05 Long Swordsman
31:36 Murder Holes
34:46 Husbandry
Connection lost

Rejoining the realm…

Still unreachable

The connection could not be restored.

Session expired

The server has moved on; the page needs a fresh start.